 Dungeon Crawl Stone Soup version 0.21.1-1-g345015f (webtiles) character file.

405 Lapis the Digger (level 6, 0/49 HPs)
             Began as a Naga Earth Elementalist on Feb 12, 2018.
             Slain by Pikel
             ... wielding a +1 whip of electrocution
              (3 damage)
             ... on level 4 of the Dungeon.
             The game lasted 00:06:59 (5476 turns).

Lapis the Digger (Naga Earth Elementalist)          Turns: 5476, Time: 00:07:00

Health: 0/49       AC:  3    Str: 11    XL:     6   Next: 87%
Magic:  1/12       EV: 10    Int: 17    God:
Gold:   184        SH:  0    Dex: 11    Spells: 3/13 levels left

rFire    + . .     SeeInvis +   i - +1 dagger (speed)
rCold    + . .     Gourm    .   (no shield)
rNeg     . . .     Faith    .   c - +0 robe
rPois    +         Spirit   .   (no helmet)
rElec    +         Reflect  .   (no cloak)
rCorr    +         Harm     .   (no gloves)
MR       .....                  (no barding)
Stlth    ++........             (no amulet)
HPRegen  0.16/turn              (no ring)
MPRegen  0.13/turn              (no ring)

@: short of breath, resistant, very slow
A: large, see invisible, deformed body, poison resistance, slowness 2, slow
metabolism 1, spit poison 1, AC +2
a: Spit Poison


You were on level 4 of the Dungeon.
You were not hungry.

You visited 1 branch of the dungeon, and saw 4 of its levels.

You collected 184 gold pieces.

Inventory:

Hand Weapons
 g - a +0 dagger
 i - a +1 dagger of speed (weapon)
Missiles
 b - 30 stones (quivered)
Armour
 c - a +0 robe (worn)
Jewellery
 l - a cursed -3 ring of slaying {unknown}
Wands
 r - a wand of acid (9)
Scrolls
 a - a scroll of noise {unknown}
 h - a scroll of teleportation {unknown}
 j - 2 scrolls of identify {unknown}
 n - a scroll of remove curse {unknown}
 o - 2 scrolls of amnesia {unknown}
 p - a scroll of magic mapping {unknown}
 s - 3 scrolls of random uselessness {unknown}
 u - 2 scrolls of fog {unknown}
Potions
 k - a potion of curing {unknown}
 m - a potion of heal wounds {unknown}
 q - a potion of berserk rage {unknown}
 t - a potion of haste {unknown}
Books
 e - a book of Geomancy

   Spells                             Type                      Level
   a - Sandblast                      Earth                        1
   b - Passwall                       Transmutation/Earth          2
   c - Stone Arrow                    Conjuration/Earth            3
   d - Petrify                        Transmutation/Earth          4
   e - Lee's Rapid Deconstruction     Earth                        5
Comestibles
 d - 9 rations


   Skills:
 - Level 1.5 Dodging
 - Level 3.0 Stealth
 + Level 4.4 Spellcasting
 * Level 2.4 Conjurations
 + Level 1.0 Transmutations
 + Level 5.3 Earth Magic


You had 3 spell levels left.
You knew the following spells:

 Your Spells              Type           Power        Failure   Level  Hunger
a - Sandblast             Erth           ###...       1%          1    None
b - Passwall              Tmut/Erth      ##........   6%          2    ##.....
c - Stone Arrow           Conj/Erth      ###...       9%          3    ###....
d - Petrify               Tmut/Erth      ##......     38%         4    ####...


Dungeon Overview and Level Annotations

Branches:
Dungeon (4/15)
 Temple: D:4-7

Altars:
Ru

Annotations:
D:4 Pikel


Innate Abilities, Weirdness & Mutations

You cannot wear boots.
Your serpentine skin is tough. (AC +2)
You have supernaturally acute eyesight. (SInv)
Armour fits poorly on your strangely shaped body.
Your system is resistant to poisons. (rPois)
You cover ground very slowly.
You have a slow metabolism.
You can spit poison.


Message History

Press: ? - help, Shift-Dir - straight line, f/p - Pikel
Aim: Pikel, wielding a whip of electrocution and wearing a robe (severely wounded)
The blast of sand hits Pikel.
Pikel is severely wounded.
b - 31 stones Pikel closely misses you.
Casting: Sandblast
Confirm with . or Enter, or press ? or * to list all spells.
Aiming: Sandblast
Press: ? - help, Shift-Dir - straight line, f/p - Pikel
Aim: Pikel, wielding a whip of electrocution and wearing a robe (severely wounded)
The blast of sand hits Pikel.
Pikel is severely wounded.
b - 30 stones Pikel hits you with a whip of electrocution.
* * * LOW HITPOINT WARNING * * *
It was a potion of resistance.
You feel protected.
Pikel hits you with a whip of electrocution.
You die...

#.# #.# #[#
#.# #.## #$#
#..#### #.#
##....# #.#
#.+#######+
#.#
#.#...#...#
#K#
#.#...#...#
#@#
###..†....#
#.#
###._.###
#.#
###.......#
#.#
#.#...#...#
#.#
#.#...#...#
#.#
#.+#######+
#.#####....#
#....<).####
####
####.####
#...


You could see Pikel.

Vanquished Creatures
  3 slaves (D:4)
  A hound (D:4)
  2 orc wizards (D:3)
  An iguana (D:4)
  2 worker ants
  A hound zombie (D:4)
  A hound skeleton (D:4)
  3 adders
  3 gnolls (D:4)
  2 oozes (D:1)
  2 adder skeletons (D:4)
  5 worms
  A dart slug (D:1)
  3 leopard geckos
  12 orcs
  13 bats
  7 giant cockroaches
  11 goblins
  5 hobgoblins
  6 jackals (D:4)
  19 kobolds
  4 quokkas
  5 frilled lizards
  9 rats
121 creatures vanquished.

Notes
Turn   | Place    | Note
-------+----------+-------------------------------------------
     0 | D:1      | Lapis the Naga Earth Elementalist began the quest for the Orb.
     0 | D:1      | Reached XP level 1. HP: 15/15 MP: 3/3
    94 | D:1      | Reached XP level 2. HP: 22/22 MP: 3/5
   184 | D:1      | Learned a level 2 spell: Passwall
   616 | D:1      | Reached XP level 3. HP: 12/28 MP: 2/6
   795 | D:1      | Learned a level 3 spell: Stone Arrow
  1462 | D:1      | Reached skill level 4 in Earth Magic
  1915 | D:2      | Reached XP level 4. HP: 18/36 MP: 2/8
  2148 | D:2      | Reached skill level 1 in Conjurations
  2732 | D:3      | Reached XP level 5. HP: 33/42 MP: 3/9
  2803 | D:2      | Learned a level 4 spell: Petrify
  3734 | D:3      | Reached XP level 6. HP: 49/49 MP: 11/11
  4277 | D:4      | Reached skill level 5 in Earth Magic
  5262 | D:4      | Found a sacrificial altar of Ru.
  5298 | D:4      | Noticed a slave
  5302 | D:4      | Noticed a slave
  5303 | D:4      | Noticed a slave
  5307 | D:4      | Killed a slave
  5312 | D:4      | Killed a slave
  5314 | D:4      | Killed a slave
  5317 | D:4      | Noticed Pikel
  5475 | D:4      | HP: 2/49 [Pikel/whip of electrocution (3)]
  5476 | D:4      | Slain by Pikel

Skill      XL: |  1  2  3  4  5  6 |
---------------+-------------------+-----
Earth Magic    | 4 5 |  5.3
Conjurations   | 1 2 |  2.4
Spellcasting   | 3 4 |  4.4
Dodging        | |  1.5
Stealth        | |  3.0
Transmutations | |  1.0

Action                   |  1- 3 |  4- 6 || total
-------------------------+-------+-------++-------
Melee: Unarmed           |     1 |       ||     1
       Dagger            |    88 |   212 ||   300
 Cast: Sandblast         |    24 |   125 ||   149
 Abil: Spit Poison       |       |     1 ||     1
  Use: Potion            |       |     1 ||     1
 Stab: Sleeping          |     8 |     4 ||    12
       Distracted        |       |     1 ||     1
       Paralysed         |       |     1 ||     1
  Eat: Chunk             |     2 |     9 ||    11
Armor: Robe              |    26 |    66 ||    92
Dodge: Dodged            |    79 |   142 ||   221
